 Dungeon Crawl Stone Soup version 0.29.0-4-gdea44cf6ec (webtiles) character file.

Game seed: 13036424866179073917

45 qw the Ruffian (level 3, -1/28 HPs)
             Began as a Ghoul Fire Elementalist on Aug 29, 2022.
             Slain by Sigmund
             ... wielding a +0 scythe
              (7 damage)
             ... on level 2 of the Dungeon.
             The game lasted 00:01:38 (2434 turns).

qw the Ruffian (Ghoul Fire Elementalist)            Turns: 2434, Time: 00:01:39

Health: -1/28      AC:  6    Str: 13    XL:     3   Next: 64%
Magic:  4/4        EV: 10    Int: 10    God:
Gold:   41         SH:  0    Dex:  9    Spells: 4/5 levels left

rFire   . . .      SeeInvis .     - Unarmed
rCold   + . .      Faith    .   (no shield)
rNeg    + + +      Spirit   .   i - +0 ring mail
rPois   inf        Reflect  .   (no helmet)
rElec   .          Harm     .   (no cloak)
rCorr   .          Rampage  .   k - +0 pair of gloves
Will    .....                   (no boots)
Stlth   +.........              (no amulet)
HPRegen 0.00/turn               (no ring)
MPRegen 0.09/turn               (no ring)

@: inhibited regen
A: claws 1, cold resistance 1, negative energy resistance 3, inhibited
regeneration, torment resistance 2, devour on kill
a: no special abilities


You were on level 2 of the Dungeon.
You visited 1 branch of the dungeon, and saw 2 of its levels.

You collected 41 gold pieces.


Innate Abilities, Weirdness & Mutations

You are immune to poison.
You have sharp fingernails.
Your flesh is cold resistant. (rC+)
You are immune to negative energy. (rN+++)
You do not regenerate when monsters are visible.
You are immune to unholy pain and torment.
You thrive by killing the living.


   Skills:
 - Level 1.3 Fighting
 - Level 1.7 Dodging
 - Level 2.1 Stealth
 + Level 3.0 Unarmed Combat
 - Level 1.7 Spellcasting
 - Level 0.7 Conjurations
 - Level 2.4 Fire Magic


You had 4 spell levels left.
You knew the following spells:

 Your Spells              Type           Power      Damage    Failure   Level
a - Foxfire               Conj/Fire      16%        2x1d4     36%         1

Your spell library contained the following spells:

 Spells                   Type           Power      Damage    Failure   Level
 Scorch                   Fire           10%        2d5       36%         2
 Conjure Flame            Conj/Fire      4%         6-21      73%         3
 Inner Flame              Hex/Fire       3%         N/A       78%         3
 Flame Wave               Conj/Fire      4%         2d5       98%         4

Inventory:

Armour
 i - a +0 ring mail (worn)
 k - a +0 pair of gloves (worn)
Scrolls
 a - a scroll of butterflies {unknown}
 f - 4 scrolls of identify
 l - 2 scrolls of teleportation
Potions
 b - a potion of brilliance {unknown}
 c - a potion of heal wounds
 d - a potion of flight {unknown}
 h - a potion of curing {unknown}
 j - a potion of attraction {unknown}
 m - a potion of might {unknown}

Dungeon Overview and Level Annotations

Branches:
Dungeon (2/15)

Altars:

Annotations:
D:2 Sigmund


Message History

Sigmund casts a spell at you. You resist with significant effort.
You start waiting.
Sigmund is nearby!
You're too confused to move!
Sigmund casts a spell.
Sigmund flickers and vanishes!
Deactivating autopickup; reactivate with Ctrl-A.
You're too confused to attack without stumbling around!
There is a strange disturbance nearby!
Something hits you.
You're too confused to attack without stumbling around!
There is a strange disturbance nearby!
You feel less confused.
You swing at nothing.
You hear some strange, mumbled words.
You are confused.
You're too confused to attack without stumbling around!
There is a strange disturbance nearby!
Something hits you.
You're too confused to attack without stumbling around!
There is a strange disturbance nearby!
Something hits you.
You're too confused to attack without stumbling around!
There is a strange disturbance nearby!
You're too confused to attack without stumbling around!
There is a strange disturbance nearby!
Something hits you.
You're too confused to attack without stumbling around!
There is a strange disturbance nearby!
Something hits you!
You're too confused to attack without stumbling around!
There is a strange disturbance nearby!
You're too confused to attack without stumbling around!
There is a strange disturbance nearby!
You feel less confused. Something hits you but does no damage.
You swing at nothing.
Something hits you!
You die...

#.#.#.#.# #.#.#.#.#
#.#.#.#.# #.#.#.#.######
#.#.#.#......# .######..
#.######.# #.....
...@..{.# #.# ####.#
#....# .######.###.#
#....#
#[...#........@....#
#.####
#....##.######.##### #.#
#....##.####.#.# #.#
#....##.#....#.# #.#
#....##.#.##.#.# #.#
#....##.#.##.#.# #.#
#.......#....#.#######.#
#.....#.#..#...........#
###.....#.#..#.#.........#


There were no monsters in sight!

Vanquished Creatures
  An adder (D:2)
  3 dart slugs
  3 endoplasms (D:1)
  A giant cockroach (D:1)
  3 goblins
  3 hobgoblins
  4 bats
  5 frilled lizards (D:1)
  4 kobolds (D:1)
  4 rats (D:1)
31 creatures vanquished.

Notes
Turn   | Place    | Note
-------+----------+-------------------------------------------
     0 | D:1      | qw the Ghoul Fire Elementalist began the quest for the Orb.
     0 | D:1      | Reached XP level 1. HP: 14/14 MP: 2/2
     0 | D:1      | 0 ||| qw: Version: 0.1-a-90-g952f4b7
     0 | D:1      | 0 ||| qw: Game counter: 3747
     0 | D:1      | 0 ||| qw: Always use a shield: true
     0 | D:1      | 0 ||| qw: God list: Okawaru
     0 | D:1      | 0 ||| qw: Allow faded altars: false
     0 | D:1      | 0 ||| qw: Do Orc after D:15 true
     0 | D:1      | 0 ||| qw: Do second Lair branch before Depths: true
     0 | D:1      | 0 ||| qw: Lair rune preference: random
     0 | D:1      | 0 ||| qw: Plans: Normal
     0 | D:1      | 0 ||| PLANNING D:1-11
     6 | D:1      | 6 ||| Stepping ~*~*~tactically~*~*~ (hiding).
   285 | D:1      | 285 ||| Stepping ~*~*~tactically~*~*~ (outnumbered).
   288 | D:1      | Reached skill level 1 in Unarmed Combat
   347 | D:1      | Found a faded altar of an unknown god.
   470 | D:1      | 470 ||| Stepping ~*~*~tactically~*~*~ (hiding).
   572 | D:1      | 572 ||| Stepping ~*~*~tactically~*~*~ (hiding).
   676 | D:1      | 676 ||| Stepping ~*~*~tactically~*~*~ (hiding).
   778 | D:1      | 778 ||| Stepping ~*~*~tactically~*~*~ (hiding).
   880 | D:1      | 880 ||| Stepping ~*~*~tactically~*~*~ (hiding).
   888 | D:1      | Reached skill level 1 in Fighting
   888 | D:1      | Reached XP level 2. HP: 20/23 MP: 3/3
  1144 | D:1      | 1144 ||| Stepping ~*~*~tactically~*~*~ (outnumbered).
  1145 | D:1      | 1145 ||| Stepping ~*~*~tactically~*~*~ (outnumbered).
  1148 | D:1      | 1148 ||| Stepping ~*~*~tactically~*~*~ (outnumbered).
  1161 | D:1      | Reached skill level 2 in Unarmed Combat
  1261 | D:1      | 1261 ||| Stepping ~*~*~tactically~*~*~ (stealth).
  1262 | D:1      | 1262 ||| Stepping ~*~*~tactically~*~*~ (stealth).
  1268 | D:1      | 1268 ||| Stepping ~*~*~tactically~*~*~ (stealth).
  1289 | D:1      | 1289 ||| Stepping ~*~*~tactically~*~*~ (stealth).
  1300 | D:1      | Reached XP level 3. HP: 15/28 MP: 4/4
  1941 | D:1      | 1941 ||| UPGRADING to +0 ring mail.
  1951 | D:1      | 1951 ||| DROPPING +0 robe.
  1952 | D:1      | 1952 ||| UPGRADING to +0 pair of gloves.
  1957 | D:1      | 1957 ||| READING 3 scrolls labelled ESMYURCH LUPHE.
  1958 | D:1      | 1958 ||| READING scroll labelled KIZ FOFRYST.
  1959 | D:1      | 1959 ||| READING 3 scrolls labelled MABAORUOGU.
  1964 | D:1      | 1964 ||| READING 3 scrolls labelled PORASO MIME.
  1965 | D:1      | 1965 ||| READING scroll labelled LASEMIN HUSTRE.
  1966 | D:1      | 1966 ||| DRINKING 2 bubbling cyan potions.
  1967 | D:1      | 1967 ||| READING 2 scrolls of identify.
  1967 | D:1      | 1967 ||| IDENTIFYING dark potion
  1968 | D:1      | 1968 ||| DROPPING potion of magic.
  1969 | D:1      | 1969 ||| DROPPING potion of invisibility.
  1970 | D:1      | 1970 ||| DROPPING 2 scrolls of noise.
  2001 | D:2      | 2001 ||| Stepping ~*~*~tactically~*~*~ (stealth).
  2002 | D:2      | 2002 ||| Stepping ~*~*~tactically~*~*~ (stealth).
  2004 | D:2      | 2004 ||| Stepping ~*~*~tactically~*~*~ (stealth).
  2084 | D:2      | Reached skill level 3 in Unarmed Combat
  2418 | D:2      | Noticed Sigmund
  2431 | D:2      | HP: 6/28 [something (8)]
  2434 | D:2      | Slain by Sigmund

Levels and vault maps discovered:
D:1:      minmay_arrival_arboretum_large, layout_basic,
          dreamdust_ecumenical_altar_angels_and_demons, minmay_domino_4
D:2:      layout_basic, serial_glass, glass_columns_c, glass_columns_b,
          uniq_crazy_yiuf_cottage, uniq_sigmund

Skill      XL: |  1  2  3 |
---------------+----------+-----
Unarmed Combat | 1 2 3 |  3.0
Fighting       | 1 |  1.3
Dodging        | |  1.7
Stealth        | |  2.1
Spellcasting   | |  1.7
Conjurations   | |  0.7
Fire Magic     | |  2.4

Action                   || total
-------------------------++-------
Melee: Unarmed           ||   151
       Punch             ||     2
  Use: Scroll            ||     6
       Potion            ||     1
Armor: Robe              ||    17
       Ring mail         ||    19
Dodge: Dodged            ||    90

Table legend:
 A = Non-vault XP
 B = Vault XP
 C = Vault XP percentage of total XP
 D = Non-vault monster count
 E = Vault monster count
 F = Vault count percentage of total count
                 A         B        C        D         E       F
            +---------+---------+-------+---------+---------+-------
      Total |      60 |       5 |   7.7 |      28 |       3 |   9.7
            +---------+---------+-------+---------+---------+-------
        D:1 |      37 |       5 |  11.9 |      23 |       3 |  11.5
        D:2 |      23 |       0 |   0.0 |       5 |       0 |   0.0
            +---------+---------+-------+---------+---------+-------
